 Dungeon Crawl Stone Soup version 0.21-a0-91-ga5031da (webtiles) character file.

260 Ordine the Slasher (level 6, -1/43 HPs)
             Began as an Octopode Fighter on June 28, 2017.
             Slain by Ijyb (3 damage)
             ... on level 3 of the Dungeon.
             The game lasted 00:04:57 (2514 turns).

Ordine the Slasher (Octopode Fighter)               Turns: 2514, Time: 00:04:58

Health: -1/43      AC:  0    Str: 21    XL:     6   Next: 17%
Magic:  6/6        EV: 15    Int: 10    God:
Gold:   100        SH:  0    Dex: 13    Spells: 5/5 levels left

rFire    . . .     SeeInvis .   (weapon currently unavailable)
rCold    . . .     Gourm    .   (shield currently unavailable)
rNeg     . . .     Faith    .   (helmet currently unavailable)
rPois    .         Spirit   .   (no amulet)
rElec    .         Reflect  .   (ring currently unavailable)
rCorr    .         Harm     .   (ring currently unavailable)
MR       .....                  (ring currently unavailable)
Stlth    +.........             (ring currently unavailable)
HPRegen  0.14/turn              (ring currently unavailable)
MPRegen  0.10/turn              (ring currently unavailable)
                                (ring currently unavailable)
                                (ring currently unavailable)

@: mighty, pig-form, berserk cooldown, slowed, drained
A: almost no armour, stealthy swim, (amphibious), (8 rings), (constrict 8)
a: no special abilities


You were on level 3 of the Dungeon.
You were not hungry.
You were a filthy swine.
You visited 1 branch of the dungeon, and saw 3 of its levels.

You collected 100 gold pieces.

Inventory:

Hand Weapons
 a - a +0 long sword (melded)
Armour
 b - a +1 shield (melded)
Jewellery
 g - an uncursed amulet of harm
 l - a ring of resist corrosion (melded)
Scrolls
 e - a scroll of immolation
 i - 2 scrolls of remove curse
 n - 2 scrolls of fear
 o - 2 scrolls of identify
 q - a scroll of teleportation
 r - a scroll of fog
Potions
 h - a potion of mutation
 p - 2 potions of resistance
 s - a potion of agility
 t - a potion of haste
Comestibles
 d - 3 bread rations
 f - 6 fruits
 j - a royal jelly
 k - 2 meat rations
 u - 5 chunks of flesh


   Skills:
 + Level 4.1(4.0) Fighting
 * Level 4.6(4.5) Long Blades
 - Level 3.0(2.9) Dodging
 + Level 4.2(4.1) Shields


You had 5 spell levels left.
You didn't know any spells.

Dungeon Overview and Level Annotations

Branches:
Dungeon (3/15)

Altars:
Sif Muna

Annotations:
D:3 Ijyb


Innate Abilities, Weirdness & Mutations

You cannot wear most types of armour.
You are very stealthy in the water. (Stealth+)
((You are amphibious.))
((You can wear up to eight rings at the same time.))
((You can use your tentacles to constrict eight enemies at once.))
((Your skin changes colour to match your surroundings (Stealth+).))
((Your rubbery body absorbs attacks. (AC +1, EV +1)))


Message History

Your +1 shield melds into your body.
Your ring of resist corrosion melds into your body.
You lose your grip on Ijyb.
Unknown command.
You closely miss Ijyb.
Ijyb is almost dead.
Ijyb completely misses you. x2
Unknown command.
You closely miss Ijyb.
Ijyb is severely wounded.
Ijyb barely misses you.
Unknown command.
You closely miss Ijyb.
Ijyb is severely wounded.
Ijyb hits you.
* * * LOW HITPOINT WARNING * * *
Unknown command.
Unknown command.
Ijyb hits you.
You die...

#.##########.# #._....(......
#..........#'###.............
########..............[......
#.....................
#.....................
#.....................
#.....................
#..(..................
#....h............##..
#...g.............###.
###w#.............# #.
#†#####.........# ##
####(######........# #
#..))(..........[.. #
#...$......... #............
#............


You could see Ijyb and a worm.

Vanquished Creatures
  A centaur (D:3)
  2 orc priests (D:3)
  6 adders (D:2)
  An ooze (D:3)
  3 worms
  2 dart slugs (D:2)
  A leopard gecko (D:3)
  4 orcs (D:3)
  3 ball pythons
  A giant cockroach (D:2)
  7 goblins
  5 hobgoblins
  A quokka (D:2)
  7 bats
  4 frilled lizards
  2 kobolds (D:1)
  7 rats
57 creatures vanquished.

Notes
Turn   | Place    | Note
-------+----------+-------------------------------------------
     0 | D:1      | Ordine the Octopode Fighter began the quest for the Orb.
     0 | D:1      | Reached XP level 1. HP: 16/16 MP: 1/1
   133 | D:1      | Reached XP level 2. HP: 10/21 MP: 2/2
   783 | D:2      | Reached XP level 3. HP: 15/26 MP: 3/3
  1324 | D:2      | Reached XP level 4. HP: 18/31 MP: 4/4
  2343 | D:3      | Found a deep blue altar of Sif Muna.
  2421 | D:3      | Reached XP level 5. HP: 36/36 MP: 5/5
  2487 | D:3      | Noticed a centaur
  2488 | D:3      | Noticed Ijyb
  2501 | D:3      | Killed a centaur
  2501 | D:3      | Reached XP level 6. HP: 7/43 MP: 6/6
  2512 | D:3      | HP: 1/43 [Ijyb (4)]
  2514 | D:3      | Slain by Ijyb

Vault maps used:
D:1:      scummos_arrival_gate
D:2:      serial_bayou_crossing
D:3:      overflow_temple_1_default, kennysheep_slug_shrine, uniq_ijyb

Skill      XL: |  1  2  3  4  5 |
---------------+----------------+-----
Long Blades    | 3 4 |  4.6
Shields        | 4 |  4.2
Fighting       | 4 |  4.1
Dodging        | |  3.0

Action                   |  1- 3 |  4- 6 || total
-------------------------+-------+-------++-------
Melee: Long sword        |    73 |    53 ||   126
       Constrict         |    23 |    14 ||    37
       Tentacles         |    15 |    12 ||    27
       Unarmed           |       |     3 ||     3
  Use: Scroll            |     6 |     5 ||    11
       Potion            |       |     2 ||     2
 Stab: Sleeping          |     4 |     5 ||     9
       Distracted        |       |     2 ||     2
  Eat: Chunk             |     1 |     4 ||     5
Armor: Skin              |    13 |       ||    13
Dodge: Dodged            |    28 |    26 ||    54
Block: Shield            |    30 |    23 ||    53
       Rpst.: Long sword |    11 |     6 ||    17
